 Dungeon Crawl Stone Soup version 0.16.0-16-g311141a (webtiles) character file.

76332 Hellisa the Spear-Bearer (level 15, -5/115 (116) HPs)
             Began as a Demonspawn Abyssal Knight on Mar 15, 2015.
             Was the Champion of Lugonu.
             Slain by a tentacled starspawn (8 damage)
             ... summoned by Lugonu's corruption
             ... on level 15 of the Dungeon on Mar 19, 2015.
             The game lasted 03:44:39 (41287 turns).

Hellisa the Spear-Bearer (DsAK)                    Turns: 41287, Time: 03:44:42

HP:   -5/115 (116)  AC: 19    Str: 26    XL:     15   Next: 12%
MP:   0/31          EV: 11    Int: -2 (5) God:    Lugonu [******]
Gold: 1407          SH: 16    Dex: 15    Spells: 0 memorised, 14 levels left

rFire  + + .     SeeInvis .     X - +9 broad axe of Quarrel {elec, rF++ rN+ MR- Str+2 Int-5}
rCold  + . .     Clarity  .     z - +0 chain mail of Cappakir {Str+2 Int-4 Dex+3}
rNeg   + . .     SustAb   .     M - +0 shield
rPois  .         Gourm    +     (no helmet)
rElec  .         Spirit   +     f - +0 cloak
rCorr  .         Warding  .     m - +1 pair of gloves {Str+3}
rMut   .         Stasis   .     (boots unavailable)
MR     .....                    E - amulet of the gourmand
Stlth  ..........               H - ring of protection from cold
                                a - +3 ring of evasion

@: lethally poisoned (-5 -> -6), about to teleport, slowed, lost intelligence,
very slow, not resistant to hostile enchantments, extremely unstealthy
A: hooves 3, large bone plates 3, nightstalker 2, regeneration 1, magic shield,
magic regeneration
a: Depart the Abyss, Bend Space, Banish, Corrupt, Enter the Abyss, Renounce
Religion


You were on level 15 of the Dungeon.
You worshipped Lugonu.
Lugonu was exalted by your worship.
You were very full.

You visited 4 branches of the dungeon, and saw 27 of its levels.
You visited the Abyss 2 times.
You also visited: Labyrinth, Bailey, Ice Cave and Volcano.

You collected 2594 gold pieces.
You spent 1187 gold pieces at shops.

Inventory:

Hand weapons
 X - the +9 broad axe of Quarrel (weapon) {elec, rF++ rN+ MR- Str+2 Int-5}
   (You bought it in a shop on level 4 of the Orcish Mines)

   Occasionally, upon striking a foe, it will discharge some electrical energy
   and cause terrible harm.
   It affects your strength (+2).
   It affects your intelligence (-5).
   It greatly protects you from fire.
   It protects you from negative energy.
   It affects your resistance to hostile enchantments.
Missiles
 b - 79 stones (quivered)
 h - 17 poisoned needles
Armour
 f - a +0 cloak (worn)
 j - a +0 plate armour
 m - a +1 pair of gloves of strength (worn)
 z - the +0 chain mail of Cappakir (worn) {Str+2 Int-4 Dex+3}
   (You bought it in a shop on level 13 of the Dungeon)

   It affects your strength (+2).
   It affects your intelligence (-4).
   It affects your dexterity (+3).
 M - a +0 shield (worn)
Rods
 A - a +0 rod of destruction (13/13)
   (You found it on level 13 of the Dungeon)
Jewellery
 a - a +3 ring of evasion (left hand)
 x - an uncursed amulet of regeneration
 D - a cursed amulet of inaccuracy {unknown}
 E - an amulet of the gourmand (around neck)
 H - a ring of protection from cold (right hand)
Magical devices
 d - a wand of lightning (10)
 e - a wand of paralysis (2)
 n - a wand of draining (7)
Scrolls
 g - 7 scrolls of remove curse
 k - a scroll of blinking
 q - 4 scrolls of enchant weapon
 u - a scroll of amnesia
 y - 2 scrolls of enchant armour
 B - a scroll of recharging
 J - 4 scrolls of fear
 P - 5 scrolls of teleportation
 S - 2 scrolls of fog
 U - 10 scrolls of identify
Potions
 i - a potion of haste
 l - a potion of magic
 o - a potion of experience
 p - 3 potions of resistance
 s - 4 potions of agility
 v - 5 potions of ambrosia
 w - 2 potions of restore abilities
 C - 2 potions of invisibility
 F - a potion of cancellation
 G - 6 potions of curing
 K - a potion of berserk rage
 R - 2 potions of brilliance
 T - 5 potions of heal wounds
Comestibles
 c - 3 bread rations
 t - a royal jelly


   Skills:
 - Level 10.3 Fighting
 + Level 10.6(13.4) Axes
   Level 13.6(14.9) Polearms
 - Level 9.6 Armour
 - Level 0.8 Dodging
 - Level 9.0 Shields
 - Level 13.2 Invocations


You had 14 spell levels left.
You didn't know any spells.

Dungeon Overview and Level Annotations

Branches:
Dungeon (15/15)            Temple (1/1) D:4            Lair (8/8) D:11
  Swamp (0/5) Lair:6       Spider (0/5) Lair:4        Slime (0/6) Lair:6
    Orc (4/4) D:9             Elf (0/3) Orc:3
 Vaults: D:13-14     Depths: D:15

Altars:
Ashenzari
Cheibriados
Dithmenos
Elyvilon
Fedhas
Gozag
Kikubaaqudgha
Makhleb
Nemelex Xobeh
Okawaru
Qazlal
Ru
Sif Muna
Trog
Vehumet
Xom
Yredelemnul
Zin
The Shining One
Jiyva

Shops:
D:8 (   D:10 ?   D:13 [   Orc:4 [[((}

Annotations:
D:15 corrupted
Orc:3 corrupted
Abyss:1 Menkaure, Pikel, Prince Ribbit, Sonja


Innate Abilities, Weirdness & Mutations

You have hooves in place of feet.
You are completely covered in large bone plates (AC +4, SH +4).
You are significantly more attuned to the shadows.
When hurt, damage is shared between your health and your magic reserves.
You regenerate magic rapidly.
Your natural rate of healing is unusually fast.


Message History

The deep elf mage points at you and mumbles some strange words.
The flame tongue misses you.
The flame tongue hits the tentacled starspawn.
You feel you are being watched by something. @player_only@ The rakshasa's magic leaks into the air.
The electric eel flops around on dry land!
The tentacled starspawn bites you!!
* * * LOW HITPOINT WARNING * * *
The tentacled starspawn engulfs you but does no damage.
The wizard howls an incantation.
The wizard's fingertips start to glow.
The rakshasa hits the tentacled starspawn with a long sword.
The chaos spawn gores the electric eel.
The electric eel dies!
The deep elf mage gestures at you while chanting.
The flame tongue misses you.
The flame tongue hits the tentacled starspawn.
You block the tentacled starspawn's attack.
The tentacled starspawn engulfs you!
You die...

≈ ... .. ≈≈
..#.###... ≈PP≈
#..#.....#
PPP≈u♣♣##..#..#..#
≈≈≈≈PP#.He.......#
♣≈≈♣9♣39p#R#......#
≈≈GPuu)†we@X3.....#
≈♣9P.Gu#####p.....+
≈


≈uu .....# ♣♣.. #....# #.. #....###### e.. #........... . ####.......)...
................ .........)...... You could see 4 ugly things, a rakshasa, a
torpor snail shaped shifter, a giant orange brain, a manticore, a wizard, 2
gargoyles, 2 deep elf magi, a neutral tentacled starspawn (wandering), a neutral
wizard and 2 neutral chaos spawn.

Vanquished Creatures
  A minotaur (Lab)
  Josephine (D:13)
  Harold (D:10)
  3 hydras
  A centaur warrior (D:11)
  An orc high priest (Orc:4)
  3 skeletal warriors (D:12)
  A fire crab (Volcano)
  An unseen horror (Lair:1)
  4 starcursed masses (Abyss:1)
  2 ice statues (IceCv)
  4 hill giants
  An ugly thing (Abyss:1)
  An oklob plant (Lair:8)
  An orc knight (Orc:3)
  A wolf spider zombie (D:13)
  4 orc sorcerers (Orc:4)
  4 cyclopes
  A griffon (Lair:7)
  9 elephants
  5 black mambas
  9 spiny frogs
  A gargoyle (D:15)
  Psyche (Orc:1)
  A spiny frog (shapeshifter) (D:15)
  4 komodo dragons
  3 fire drakes
  A spriggan druid (Lair:8)
  2 minotaur zombies (Lab)
  A jumping spider (Lair:4)
  5 polar bears
  A giant leech (Lair:6)
  Grinder (D:4)
  3 trolls
  A two-headed ogre (D:9)
  26 blink frogs
  A basilisk (Lair:4)
  4 slime creatures (D:10)
  4 redbacks (Lair:8)
  13 spriggans
  A spriggan (shapeshifter) (D:15)
  2 water elementals (D:15)
  3 wyverns
  2 deep elf magi
  5 wraiths (D:13)
  9 fire bats
  A ynoxinul (Abyss:1)
  Eustachio (Orc:2)
  A steam dragon (Lair:4)
  A swamp worm (Lair:6)
  8 hippogriffs
  29 wolves
  43 yaks
  Edmund (D:9)
  A mottled dragon (Volcano)
  13 water moccasins
  4 spiders (Lair:4)
  20 ice beasts
  10 black bears
  4 phantoms
  11 porcupines
  6 necrophages
  7 wasps
  9 centaurs
  26 orc warriors
  4 sky beasts
  10 ogres
  14 crocodiles
  2 big kobolds
  A boring beetle (Lair:6)
  A brain worm (Lair:8)
  20 giant frogs
  Blork the orc (D:7)
  A gnoll sergeant (D:6)
  4 scorpions
  An electric eel (D:7)
  14 killer bees
  2 jellies
  13 wights
  9 hounds
  7 crimson imps
  3 goliath beetles
  5 centaur zombies
  A giant frog zombie (D:9)
  30 orc priests
  4 centaur skeletons
  7 lava snakes
  A quasit (D:10)
  4 giant frog skeletons
  10 worker ants
  41 orc wizards
  Natasha (D:4)
  13 iguanas
  2 sheep (D:13)
  A hound zombie (D:8)
  2 worker ant zombies
  A hound skeleton (D:8)
  A mummy (D:9)
  27 gnolls
  21 adders
  101 river rats
  5 shadow imps
  3 worms (D:2)
  2 ufetubi (Abyss:1)
  3 adder skeletons
  2 orc skeletons (Orc:4)
  5 giant geckos
  An ooze (D:3)
  190 orcs
  13 bats
  A bat skeleton (D:8)
  10 giant cockroaches
  20 hobgoblins
  10 jackals
  3 giant newts
  3 giant spores
  31 goblins
  A jackal skeleton (D:4)
  31 kobolds
  19 quokkas
  A quokka zombie (D:8)
  19 rats
  24 ballistomycetes
  8 fungi
  A plant (Lair:7)
1136 creatures vanquished.

Vanquished Creatures (others)
  A hydra (Lair:3)
  A skeletal warrior (D:8)
  A spatial maelstrom (Orc:3)
  2 orc knights (Bailey)
  An orc sorcerer (Orc:3)
  A smoke demon (D:15)
  The ghost of BLOAX the Ruffian, an average MiMo (D:3)
  A slave (D:4)
  3 orc warriors
  An ogre (Orc:3)
  A scorpion (D:8)
  An electric eel (D:15)
  3 orc priests (Orc:3)
  A worker ant (D:8)
  3 orc wizards
  2 orc zombies (Orc:3)
  A shadow imp (D:8)
  A giant gecko (D:8)
  8 orcs
  A goblin (D:4)
  2 hobgoblins
  2 quokkas
  A giant spore (D:6)
  3 fungi (Lair:8)
  2 plants
  2 starspawn tentacles (Orc:3)
  17 starspawn tentacle segments (Orc:3)
64 creatures vanquished.

Grand Total: 1200 creatures vanquished

Notes
Turn   | Place    | Note
--------------------------------------------------------------
     0 | Abyss:1  | Hellisa, the Demonspawn Abyssal Knight, began the quest for the Orb.
     0 | Abyss:1  | Reached XP level 1. HP: 18/18 MP: 1/1
    37 | D:1      | Escaped the Abyss
   293 | D:1      | Gained mutation: You have large cloven feet. [demonic ancestry]
   293 | D:1      | Reached XP level 2. HP: 1/24 MP: 1/3
   813 | D:1      | Acquired Lugonu's second power
   813 | D:1      | Gained mutation: When hurt, damage is shared between your health and your magic reserves. [demonic ancestry]
   813 | D:1      | Reached XP level 3. HP: 22/29 MP: 5/5
  1502 | D:2      | Found a white marble altar of Elyvilon.
  1545 | D:2      | Reached skill level 4 in Invocations
  1796 | D:2      | Acquired Lugonu's third power
  1810 | D:2      | Reached XP level 4. HP: 35/35 MP: 7/7
  1902 | D:2      | Found a glowing silver altar of Zin.
  2071 | D:3      | Noticed BLOAX's ghost (average MiMo)
  2443 | D:3      | Reached skill level 5 in Invocations
  2449 | D:3      | Gained mutation: You are partially covered in large bone plates (AC +2, SH +2). [demonic ancestry]
  2449 | D:3      | Reached XP level 5. HP: 17/41 MP: 5/9
  2489 | D:2      | HP: 2/41 [gnoll (3)]
  2954 | D:3      | Reached skill level 6 in Invocations
  2961 | D:3      | Gained mutation: You are mostly covered in large bone plates (AC +3, SH +3). [demonic ancestry]
  2961 | D:3      | Reached XP level 6. HP: 43/47 MP: 11/13
  3045 | D:3      | Banished BLOAX's ghost
  3394 | D:3      | Acquired Lugonu's fourth power
  3848 | D:4      | Noticed Prince Ribbit
  3849 | D:4      | Banished Prince Ribbit
  3849 | D:4      | Reached skill level 5 in Polearms
  3849 | D:4      | Reached skill level 7 in Invocations
  3849 | D:4      | Gained mutation: You regenerate magic rapidly. [demonic ancestry]
  3849 | D:4      | Reached XP level 7. HP: 52/52 MP: 16/16
  3955 | D:4      | Found a staircase to the Ecumenical Temple.
  4010 | D:4      | Found an opulent altar of Gozag.
  4011 | D:4      | Noticed Pikel
  4023 | D:4      | Banished Pikel
  4023 | D:4      | Reached skill level 8 in Invocations
  4193 | D:4      | Found a sparkling altar of Nemelex Xobeh.
  4245 | D:4      | Noticed Grinder
  4261 | D:4      | Killed Grinder
  4401 | D:4      | Reached XP level 8. HP: 29/58 MP: 12/19
  4667 | D:4      | Found a shadowy altar of Dithmenos.
  4744 | D:4      | Noticed Natasha
  4756 | D:4      | Killed Natasha
  4756 | D:4      | Reached skill level 9 in Invocations
  4838 | D:5      | Entered Level 5 of the Dungeon
  5053 | Temple   | Entered the Ecumenical Temple
  5525 | D:5      | Acquired Lugonu's fifth power
  5701 | D:5      | Found a shattered altar of Ashenzari.
  5843 | D:5      | Reached skill level 10 in Invocations
  6794 | D:6      | Reached skill level 11 in Invocations
  6794 | D:6      | Gained mutation: You are slightly more attuned to the shadows. [demonic ancestry]
  6794 | D:6      | Reached XP level 9. HP: 34/63 MP: 15/23
  8544 | D:7      | Noticed Blork the orc
  8551 | D:7      | Killed Blork the orc
  8551 | D:7      | Reached skill level 12 in Invocations
  9878 | D:7      | Noticed Menkaure
  9879 | D:7      | Banished Menkaure
 10005 | D:7      | Found a snail-covered altar of Cheibriados.
 10206 | D:7      | Found a shimmering altar of Xom.
 10795 | D:8      | Reached skill level 13 in Invocations
 10837 | D:8      | Gained mutation: You are significantly more attuned to the shadows. [demonic ancestry]
 10837 | D:8      | Reached XP level 10. HP: 63/70 MP: 26/26
 10851 | D:8      | Gained mutation: You have hoof-like feet. [mutagenic meat]
 10903 | D:8      | Found a shimmering altar of Xom.
 10962 | D:8      | Noticed a skeletal warrior
 11236 | D:7      | Upgraded the game from 0.16.0-7-ge91f220 to 0.16.0-8-gd9ae3a8
 11910 | D:8      | Banished a skeletal warrior
 11910 | D:8      | Reached skill level 10 in Polearms
 12229 | D:8      | Found Oruj's Weapon Shop.
 12735 | D:9      | Found a staircase to the Orcish Mines.
 12923 | D:9      | Noticed Edmund
 12954 | D:9      | Killed Edmund
 13278 | D:9      | Found a glowing golden altar of the Shining One.
 14246 | D:10     | Entered Level 10 of the Dungeon
 14256 | D:10     | Noticed Harold
 14271 | D:10     | Killed Harold
 14343 | D:10     | Gained mutation: You are completely covered in large bone plates (AC +4, SH +4). [demonic ancestry]
 14343 | D:10     | Reached XP level 11. HP: 53/69 MP: 22/27
 14523 | D:10     | Found a flagged portal.
 14767 | Bailey   | Entered a bailey
 16728 | D:10     | Noticed a hill giant
 16743 | D:10     | Killed a hill giant
 17107 | D:10     | Noticed a hill giant
 17120 | D:10     | Killed a hill giant
 17476 | D:10     | Found Striotuquv's Magic Scroll Shoppe.
 18209 | D:10     | Noticed Sonja
 18215 | D:10     | Banished Sonja
 18913 | D:10     | Reached skill level 1 in Shields
 19880 | D:11     | Noticed a hill giant
 19895 | D:11     | Killed a hill giant
 20275 | D:11     | Found a staircase to the Lair.
 20318 | D:11     | Noticed a centaur warrior
 20330 | D:11     | Killed a centaur warrior
 20672 | Lair:1   | Entered Level 1 of the Lair of Beasts
 21269 | Lair:1   | Reached XP level 12. HP: 66/84 MP: 21/28
 21311 | Lair:1   | Reached skill level 5 in Fighting
 22882 | Lair:2   | Reached skill level 5 in Armour
 24658 | Lair:2   | Upgraded the game from 0.16.0-8-gd9ae3a8 to 0.16.0-11-gd45b091
 24711 | Lair:3   | Noticed an eight-headed hydra
 24713 | Lair:3   | Banished an eight-headed hydra
 25039 | Lair:3   | Reached skill level 5 in Shields
 26037 | Lair:4   | Found a hole to the Spider Nest.
 27565 | Lair:5   | Noticed a six-headed hydra
 27613 | Lair:5   | Killed a six-headed hydra
 27613 | Lair:5   | Gained mutation: You have hooves in place of feet. [demonic ancestry]
 27613 | Lair:5   | Reached XP level 13. HP: 76/97 MP: 21/29
 28975 | Lair:1   | Identified a scroll of acquirement
 29758 | Lair:6   | Found a viscous altar of Jiyva.
 29758 | Lair:6   | Found a staircase to the Slime Pits.
 29862 | Lair:6   | Found a staircase to the Swamp.
 30547 | Lair:7   | Found a labyrinth entrance.
 30556 | Lab      | Entered a labyrinth
 31408 | Lair:7   | Got a colourful robe
 31419 | Lair:7   | Identified the -4 robe of Guodagial {Int+6 Dex-2 Stlth+} (You found it on level 7 of the Lair of Beasts)
 32402 | Orc:1    | Entered Level 1 of the Orcish Mines
 32757 | Orc:1    | Noticed Psyche
 32764 | Orc:1    | Killed Psyche
 32800 | Orc:1    | Found a dark tunnel.
 32808 | Volcano  | Entered a volcano
 33126 | Volcano  | Found a burning altar of Makhleb.
 33496 | Orc:2    | Found a frozen archway.
 33515 | IceCv    | Entered an ice cave
 33834 | Orc:2    | Found a bloodstained altar of Trog.
 34188 | Orc:2    | Noticed Eustachio
 34193 | Orc:2    | Killed Eustachio
 34193 | Orc:2    | Reached skill level 10 in Fighting
 34845 | Orc:3    | Found a staircase to the Elven Halls.
 34934 | Orc:3    | Corrupted Orc:3
 34934 | Orc:3    | Noticed a starcursed mass
 34934 | Orc:3    | Noticed a grey draconian scorcher
 34934 | Orc:3    | Noticed a tentacled starspawn
 34940 | Orc:3    | Noticed a green draconian shifter
 34942 | Orc:3    | Noticed a purple draconian
 35548 | Orc:4    | Entered Level 4 of the Orcish Mines
 35680 | Orc:4    | Upgraded the game from 0.16.0-11-gd45b091 to 0.16.0-16-g311141a
 35837 | Orc:4    | Mutation became permanent: You have hooves in place of feet. [demonic ancestry]
 35837 | Orc:4    | Reached XP level 14. HP: 101/109 MP: 30/30
 36166 | Orc:4    | Found Iceereic's Armour Boutique.
 36168 | Orc:4    | Found Ickuegat's Antique Weapon Shop.
 36180 | Orc:4    | Found Blionn's Gadget Shop.
 36182 | Orc:4    | Found Puqan's Weapon Boutique.
 36190 | Orc:4    | Bought the +9 broad axe of Quarrel {elec, rF++ rN+ MR- Str+2 Int-5} for 1024 gold pieces
 36347 | Orc:4    | Reached skill level 1 in Axes
 36380 | Orc:4    | Found Qawetu's Armour Emporium.
 36455 | Orc:4    | Found a bloodstained altar of Trog.
 36823 | Lair:8   | Entered Level 8 of the Lair of Beasts
 37237 | Lair:8   | Reached skill level 5 in Axes
 38219 | Lair:8   | Identified Shruf's Handbook of Mutagenic Stones
 40309 | D:12     | Gained mutation: Your natural rate of healing is unusually fast. [mutagenic meat]
 40698 | D:13     | Found Phuplakatu's Armour Shoppe.
 40703 | D:13     | Bought the +0 chain mail of Cappakir {Str+2 Int-4 Dex+3} for 163 gold pieces
 40882 | D:13     | Noticed Josephine
 40883 | D:13     | Killed Josephine
 40893 | D:13     | Reached skill level 10 in Axes
 40893 | D:13     | Reached XP level 15. HP: 102/115 MP: 29/31
 41067 | D:13     | You fall through a shaft for 2 floors!
 41067 | D:15     | Entered Level 15 of the Dungeon
 41178 | D:15     | Lost intelligence.
 41179 | D:15     | Cast into the Abyss (a wizard)
 41184 | Abyss:1  | Found a corrupted altar of Lugonu.
 41281 | D:15     | Escaped the Abyss
 41286 | D:15     | Corrupted D:15
 41286 | D:15     | Noticed a tentacled starspawn
 41287 | D:15     | HP: 3/115 [tentacled starspawn[Lugonu's corruption] (19)]
 41287 | D:15     | Slain by a tentacled starspawn

Action                   |  1- 3 |  4- 6 |  7- 9 | 10-12 | 13-15 || total
-------------------------+-------+-------+-------+-------+-------++-------
Melee: Spear             |   141 |   168 |   892 |  2085 |   218 ||  3504
       Demon trident     |       |       |       |       |   828 ||   828
       Broad axe         |       |       |       |       |   441 ||   441
 Fire: Blowgun           |       |       |    11 |    37 |       ||    48
       Shortbow          |       |       |       |    15 |       ||    15
Throw: Stone             |    19 |     3 |     1 |     9 |       ||    32
Invok: Banish            |       |     4 |     7 |    16 |       ||    27
       Corrupt           |       |       |       |       |     2 ||     2
       Depart the Abyss  |       |       |       |       |     1 ||     1
Evoke: Wand              |       |       |       |     1 |       ||     1
  Use: Scroll            |     7 |       |    11 |     2 |    13 ||    33
       Potion            |       |       |       |     7 |       ||     7
 Stab: Fleeing           |       |       |     1 |       |       ||     1
       Distracted        |       |       |       |       |     1 ||     1
  Eat: Chunk             |     3 |     8 |    16 |    26 |    38 ||    91
       Bread ration      |       |       |     2 |     8 |     2 ||    12
       Pizza             |       |       |       |     1 |       ||     1
       Meat ration       |       |       |       |       |     1 ||     1
       Beef jerky        |       |       |       |       |     1 ||     1
